 Dungeon Crawl Stone Soup version 0.19.1 (webtiles) character file.

27 Menchi the Magician (level 2, -3/22 HPs)
             Began as a Mummy Wanderer on Dec 11, 2016.
             Slain by a worm (8 damage)
             ... on level 2 of the Dungeon.
             The game lasted 00:12:08 (1049 turns).

Menchi the Magician (Mummy Wanderer)                Turns: 1049, Time: 00:12:08

Health: -3/22      AC:  6    Str: 14    XL:     2   Next: 93%
Magic:  2/6        EV: 10    Int: 14    God:
Gold:   22         SH:  0    Dex:  9    Spells: 1 memorised, 6 levels left

rFire  . . .     SeeInvis .     m - +4 dagger
rCold  . . .     Gourm    .     c - +0 ring mail
rNeg   + + +     Faith    .     (no shield)
rPois  ∞         Spirit   .     (no helmet)
rElec  .         Reflect  .     (no cloak)
rCorr  .         Harm     .     n - +0 pair of gloves
MR     .....                    (no boots)
Stlth  +.........               (no amulet)
                                (no ring)
                                j - ring of fire

@: very slightly contaminated
A: no food or potions, fire vulnerability, cold resistance 1, negative energy
resistance 3, torment resistance, unbreathing
a: no special abilities


You were on level 2 of the Dungeon.
You were not hungry.

You visited 1 branch of the dungeon, and saw 2 of its levels.

You collected 22 gold pieces.

Inventory:

Hand Weapons
 d - a +0 club
 m - a +4 dagger (weapon)
Armour
 c - a +0 ring mail (worn)
 n - a +0 pair of gloves (worn)
Jewellery
 j - a ring of fire (left hand)
Scrolls
 e - a scroll of teleportation {unknown}
 f - a scroll of enchant armour {unknown}
 g - a scroll of fear {unknown}
 h - a scroll of magic mapping {unknown}
 k - a scroll of remove curse {unknown}
 l - 3 scrolls of noise {unknown}
Books
 a - a book of Air

   Spells                             Type                      Level
   a - Shock                          Conjuration/Air              1
   b - Swiftness                      Charms/Air                   2
   c - Repel Missiles                 Charms/Air                   2
   d - Static Discharge               Conjuration/Air              3
   e - Lightning Bolt                 Conjuration/Air              5
 b - Titak's Almanac of Augmentations

   Spells                             Type                      Level
   a - Infusion                       Charms                       1
   b - Ozocubu's Armour               Charms/Ice                   3


   Skills:
 + Level 2.0 Fighting
 + Level 1.1 Armour
 + Level 0.1 Dodging
 + Level 1.0 Stealth
   Level 1.0 Shields
 + Level 3.3 Spellcasting
 * Level 0.5 Conjurations
 * Level 2.0 Air Magic


You had 6 spell levels left.
You knew the following spells:

 Your Spells              Type           Power        Failure   Level  Hunger
a - Shock                 Conj/Air       #...         28%         1    N/A

Dungeon Overview and Level Annotations

Branches:
Dungeon (2/15)

Altars:


Innate Abilities, Weirdness & Mutations

You do not eat or drink.
Your flesh is vulnerable to fire.
You are immune to poison.
Your flesh is cold resistant. (rC+)
You are immune to negative energy. (rN+++)
You are immune to unholy pain and torment.
You can survive without breathing.


Message History

You hit the worm.
The worm is moderately wounded.
You barely miss the worm.
The worm is moderately wounded.
The worm bites you.
You hit the worm but do no damage.
The worm is moderately wounded.
You puncture the worm!
The worm is severely wounded.
The worm bites you but does no damage.
You hit the worm.
The worm is severely wounded.
The worm bites you!
* * * LOW HITPOINT WARNING * * *
You hit the worm.
The worm is almost dead.
You hit the worm.
The worm is almost dead.
The worm bites you!
You die...

....<.###.......####[........####
........####........#.......## #
......#. #..#####.##.....##
.##.###.# #..# #.###...## .#.#.#
#..#####.####'######## .## ##
#.....##..............
#.###.################ #.###w##
#....@.## #####.#.## #.#..#
#)#..#.##. #......... ###.......
######.


You could see a worm.

Vanquished Creatures
  A dart slug (D:2)
  A leopard gecko (D:2)
  A giant cockroach (D:1)
  3 goblins
  4 hobgoblins (D:1)
  2 bats
  2 frilled lizards
  5 kobolds
  4 rats
23 creatures vanquished.

Notes
Turn   | Place    | Note
-------+----------+-------------------------------------------
     0 | D:1      | Menchi the Mummy Wanderer began the quest for the Orb.
     0 | D:1      | Menchi set off with: a book of Air, Titak's Almanac of Augmentations, a +0 ring mail, a +0 club
     0 | D:1      | Reached XP level 1. HP: 16/16 MP: 4/4
     6 | D:1      | Learned a level 1 spell: Shock
   215 | D:1      | Reached XP level 2. HP: 22/22 MP: 1/6
  1049 | D:2      | Slain by a worm

Skill      XL: |  1  2 |
---------------+-------+-----
Air Magic      | 2 |  2.0
Fighting       | |  2.0
Armour         | |  1.1
Dodging        | |  0.1
Stealth        | |  1.0
Shields        | |  1.0
Spellcasting   | |  3.3
Conjurations   | |  0.5

Action                   || total
-------------------------++-------
Melee: Club              ||    58
       Dagger            ||     9
 Cast: Shock             ||    45
  Use: Scroll            ||     3
Armor: Ring mail         ||    41
Dodge: Dodged            ||    50
